 Dungeon Crawl Stone Soup version 0.30-a0-1043-g60ff8d5f49 (webtiles) character file.

Game seed: 10662289688081047568

450 BlueFish the Sneak (level 7, 0/46 HPs)
             Began as an Octopode Warper on Apr 10, 2023.
             Slain by Pikel
             ... wielding a +1 whip of flaming
              (6 damage)
             ... on level 4 of the Dungeon.
             The game lasted 00:11:40 (4146 turns).

BlueFish the Sneak (Octopode Warper)                Turns: 4146, Time: 00:11:41

Health: 0/46       AC:  1    Str: 12    XL:     7   Next: 4%
Magic:  11/11      EV: 14    Int: 15    God:
Gold:   194        SH:  0    Dex: 18    Spells: 5/12 levels left

rFire   . . .      SeeInvis .      - Unarmed
rCold   . . .      Faith    .    (no shield)
rNeg    . . .      Spirit   .    (helmet restricted)
rPois   .          Reflect  .    (no amulet)
rElec   .          Rampage  .    m - +4 ring of slaying
rCorr   .                        q - +6 ring of dexterity
Will    .....                    (no ring)
Stlth   ++++                     (no ring)
HPRegen 0.27/turn                (no ring)
MPRegen 0.12/turn                (no ring)
                                 (no ring)
                                 (no ring)

@: no status effects
A: almost no armour, amphibious, 8 rings, camouflage 1, gelatinous body 1,
(nimble swimmer 1), tentacles
a: no special abilities


You were on level 4 of the Dungeon.
You visited 1 branch of the dungeon, and saw 4 of its levels.

You collected 194 gold pieces.

Inventory:

Missiles
 b - 6 boomerangs of dispersal
 f - 3 poisoned darts
 g - 26 stones (quivered)
Jewellery
 m - a +4 ring of slaying (left tentacle)
 q - a +6 ring of dexterity (right tentacle)
Wands
 d - a wand of flame (20)
 s - a wand of mindburst (13)
Scrolls
 a - a scroll of blinking
 e - a scroll of poison {unknown}
 j - a scroll of teleportation {unknown}
 k - a scroll of enchant armour {unknown}
 l - a scroll of summoning {unknown}
 n - a scroll of fear {unknown}
 o - a scroll of immolation {unknown}
 v - a scroll of silence {unknown}
Potions
 c - 2 potions of heal wounds
 h - a potion of curing
 i - a potion of flight {unknown}
 p - a potion of resistance {unknown}
 r - a potion of lignification {unknown}
 t - a potion of might {unknown}
 u - a potion of cancellation {unknown}
 w - a potion of degeneration {unknown}


   Skills:
 + Level 3.1 Fighting
 + Level 2.5 Throwing
 + Level 3.3 Dodging
 * Level 4.9 Stealth
 + Level 3.0 Unarmed Combat
 + Level 3.0 Spellcasting
 + Level 3.8 Translocations


You had 5 spell levels left.
You knew the following spells:

 Your Spells              Type           Power      Damage    Failure   Level
a - Blink                 Tloc           26%        N/A       6%          2
b - Lesser Beckoning      Tloc           26%        N/A       6%          2
c - Teleport Other        Tloc           13%        N/A       12%         3

Your spell library contained the following spells:

 Spells                   Type           Power      Damage    Failure   Level
 Vhi's Electric Charge    Tloc/Air       16%        N/A       26%         3
 Manifold Assault         Tloc           13%        N/A       38%         4


Dungeon Overview and Level Annotations

Branches:
Dungeon (4/15)
 Temple: D:4-7

Altars:
Dithmenos

Annotations:
D:3 3 runed translucent doors, Sigmund; kitsune's ghost, amateur TeAE; pigah's ghost, amateur OpWn
D:4 1 runed translucent door, Crazy Yiuf; Edmund; Pikel


Innate Abilities, Weirdness & Mutations

You cannot wear most types of armour.
You are amphibious.
You can wear up to eight rings at the same time.
Your skin changes colour to match your surroundings (Stealth+).
Your rubbery body absorbs attacks. (AC +1, EV +1)
((You are camouflaged when in or above water. (Stealth+)))
You have tentacles for arms and can constrict up to eight enemies at once.


Message History

Okay, then.
Throw: 5 darts (poison)
Press: ? - help, Shift-Dir - straight line, f - Pikel
Aim: Pikel, wielding a +1 whip of flaming and wearing a +0 robe (asleep, 98% to hit)
You throw a poisoned dart. The poisoned dart hits Pikel!
Pikel is poisoned.
You hear a shout! x2
A lemure comes into view.
The lemure shouts!
Throw: 4 darts (poison)
Press: ? - help, Shift-Dir - straight line, f/p - Pikel
Aim: Pikel, wielding a +1 whip of flaming and wearing a +0 robe (very poisoned, 61% to hit)
You throw a poisoned dart. The poisoned dart hits Pikel.
Pikel looks even sicker.
You hear a shout!
You barely miss Pikel. You grab Pikel.
Pikel is lightly wounded.
You constrict Pikel, but do no damage. Pikel barely misses you.
A lemure comes into view.
You tentacle-slap Pikel.
Pikel is moderately wounded.
You constrict Pikel, but do no damage.
Pikel hits you with a +1 whip of flaming!
Pikel burns you.
You tentacle-slap Pikel. You squeeze Pikel!
Pikel is heavily wounded.
You constrict Pikel, but do no damage.
Pikel hits you with a +1 whip of flaming!
Pikel burns you.
You tentacle-slap Pikel. You squeeze Pikel.
Pikel is severely wounded.
You constrict Pikel.
Pikel hits you with a +1 whip of flaming!
* * * LOW HITPOINT WARNING * * *
Pikel burns you.
* * * LOW HITPOINT WARNING * * *
You tentacle-slap Pikel. You squeeze Pikel.
Pikel is almost dead.
You constrict Pikel, but do no damage.
Pikel hits you with a +1 whip of flaming.
You die...

#######>....#
.# #####.##
#.# ##.###.#
##....#
##.#.# #.# #
# #.# ..(
#.###(....
#.@K55#
#######


You could see Pikel (very poisoned) and 2 lemures.

Vanquished Creatures
  Grinder (D:3)
  A lemure (D:4)
  2 orc priests
  Natasha (D:3)
  An orc wizard (D:2)
  Robin (D:3)
  2 adders
  An ufetubus (D:4)
  A dart slug (D:4)
  7 orcs
  9 endoplasms
  3 giant cockroaches
  20 goblins
  13 hobgoblins
  4 jackals (D:4)
  6 quokkas
  6 ball pythons
  5 bats
  5 frilled lizards (D:1)
  7 kobolds
  5 rats
101 creatures vanquished.

Vanquished Creatures (others)
  6 plants (D:3)
6 creatures vanquished.

Grand Total: 107 creatures vanquished

Notes
Turn   | Place    | Note
-------+----------+-------------------------------------------
     0 | D:1      | BlueFish the Octopode Warper began the quest for the Orb.
     0 | D:1      | Reached XP level 1. HP: 14/14 MP: 3/3
   107 | D:1      | Reached XP level 2. HP: 15/19 MP: 5/5
   112 | D:1      | Reached skill level 1 in Stealth
   291 | D:1      | Learned a level 2 spell: Blink
   294 | D:1      | Learned a level 2 spell: Lesser Beckoning
   411 | D:1      | Reached XP level 3. HP: 21/24 MP: 6/6
   605 | D:1      | Found a faded altar of an unknown god.
   808 | D:2      | Reached skill level 2 in Stealth
   997 | D:1      | Reached XP level 4. HP: 14/30 MP: 4/7
  1062 | D:1      | Learned a level 3 spell: Teleport Other
  1281 | D:2      | Reached skill level 3 in Stealth
  1686 | D:3      | Noticed Sigmund
  1776 | D:3      | Noticed Robin
  1778 | D:3      | Reached XP level 5. HP: 35/35 MP: 8/8
  1782 | D:3      | Killed Robin
  1828 | D:3      | Noticed Grinder
  2441 | D:3      | Found a runed translucent gate.
  2441 | D:3      | Found a runed translucent gate.
  2442 | D:3      | Found a runed translucent gate.
  2446 | D:3      | Noticed kitsune's ghost (amateur TeAE)
  2446 | D:3      | Noticed pigah's ghost (amateur OpWn)
  2462 | D:3      | Found a shadowy altar of Dithmenos.
  2840 | D:3      | Noticed Natasha
  3222 | D:3      | Killed Grinder
  3223 | D:3      | Reached skill level 4 in Stealth
  3223 | D:3      | Reached XP level 6. HP: 34/42 MP: 8/10
  3503 | D:3      | Killed Natasha
  3787 | D:4      | Reached XP level 7. HP: 40/46 MP: 11/11
  3850 | D:4      | Noticed Edmund
  4062 | D:4      | Found a runed translucent door.
  4063 | D:4      | Noticed Crazy Yiuf
  4111 | D:4      | Noticed Pikel
  4146 | D:4      | Slain by Pikel

Illustrated notes

Levels and vault maps discovered:
D:1:      sevenhm_arrival_forest_fort_large_2, layout_rooms,
          chequers_ecumenical_altar_grove
D:2:      layout_basic, kennysheep_generic_room_10
D:3:      cheibrodos_old_hovel, layout_basic, mainiacjoe_overflow_chevrons,
          gammafunk_ghost_cemetery, uniq_sigmund, uniq_robin, uniq_natasha,
          uniq_grinder
D:4:      kennysheep_six_static_rooms, layout_loops_ring, minivault_24,
          uniq_crazy_yiuf_cottage, uniq_edmund, uniq_pikel

Skill      XL: |  1  2  3  4  5  6  7 |
---------------+----------------------+-----
Stealth        | 1 2 3 4 |  4.9
Throwing       | 2 |  2.5
Fighting       | 3 |  3.1
Dodging        | 3 |  3.3
Unarmed Combat | 3 |  3.0
Spellcasting   | 3 |  3.0
Translocations | |  3.8

Action                     |  1- 3 |  4- 6 |  7- 9 || total
---------------------------+-------+-------+-------++-------
  Melee: Unarmed           |    82 |    98 |    22 ||   202
         Constrict         |    18 |    24 |     8 ||    50
         Tentacles         |     9 |    15 |    11 ||    35
         Punch             |     3 |     3 |       ||     6
  Throw: Stone             |       |     6 |       ||     6
         Dart              |       |     5 |     2 ||     7
         Boomerang         |       |     1 |       ||     1
   Cast: Lesser Beckoning  |     1 |     6 |     3 ||    10
    Use: Scroll            |       |     2 |       ||     2
   Stab: Sleeping          |     7 |     6 |     1 ||    14
 Armour: Skin              |     8 |     4 |       ||    12
  Dodge: Dodged            |    35 |    39 |    10 ||    84

Table legend: (Time is in decaauts)
 A = Elapsed time spent in this place.
 B = Non-inter-level travel time spent in this place.
 C = Inter-level travel time spent in this place.
 D = Time resting spent in this place.
 E = Time spent auto-exploring this place.
 F = Levels seen in this place.
 G = Mean time per level.
                   A        B        C        D        E       F      G
               +--------+--------+--------+--------+--------+-----+--------+
         Total |   4145 |   3890 |    255 |    249 |   2763 |   4 | 1036.2 |
       Dungeon |   4145 |   3890 |    255 |    249 |   2763 |   4 | 1036.2 |
               +--------+--------+--------+--------+--------+-----+--------+

Top non-repeatable levels by time:
     D:3: 1923 daAuts
     D:1: 1032 daAuts
     D:2: 688 daAuts
     D:4: 501 daAuts
